 Dungeon Crawl Stone Soup version 0.30.0-5-g1a98f26d00 (webtiles) character file.

Game seed: 12689798058242841981

64 SnakkuSnakku7 the Sneak (level 3, -2/26 (27) HPs)
             Began as a Vampire Hedge Wizard on May 12, 2023.
             Slain by a goblin
             ... wielding a +0 club
             ... led by Robin
              (5 damage)
             ... on level 1 of the Dungeon.
             The game lasted 00:02:00 (989 turns).

SnakkuSnakku7 the Sneak (Vampire Hedge Wizard)       Turns: 989, Time: 00:02:01

HP:   -2/26 (27)    AC:  5    Str: 11    XL:     3   Next: 91%
MP:   7/7           EV: 10    Int: 16    God:
Gold: 80            SH:  0    Dex: 13    Spells: 7/8 levels left

rFire   . . .        e - +0 short sword
rCold   . . .        (no shield)
rNeg    . . .        f - +0 ring mail
rPois   .            c - +0 hat
rElec   .            (no cloak)
rCorr   .            (no gloves)
SInv    +            (no boots)
Will    .....        (no amulet)
Stlth   ++           (no ring)
HPRegen 0.44/turn    (no ring)
MPRegen 0.10/turn

%: no passive effects
@: healing quickly, lightly drained
A: alive, fangs 3, see invisible, vampiric 2
a: Exsanguinate


You were on level 1 of the Dungeon.
You visited 1 branch of the dungeon, and saw 2 of its levels.

You collected 80 gold pieces.

Inventory:

Hand Weapons
 a - a +0 dagger
 e - a +0 short sword (weapon)
Armour
 b - a +0 robe
 c - a +0 hat (worn)
 f - a +0 ring mail (worn)
Scrolls
 g - a scroll of identify {unknown}
 h - a scroll of enchant armour {unknown}
 i - a scroll of torment {unknown}
Potions
 d - a potion of magic
 j - a potion of curing {unknown}
 k - a potion of flight {unknown}
 l - a potion of mutation {unknown}
 m - 3 potions of heal wounds {unknown}


   Skills:
 + Level 2.2 Fighting
 - Level 2.1 Dodging
 - Level 3.0 Stealth
 + Level 2.6 Unarmed Combat
 - Level 3.0 Spellcasting
 - Level 0.6 Conjurations
 - Level 1.0 Summonings
 - Level 0.7 Translocations


You had 7 spell levels left.
You knew the following spells:

 Your Spells              Type           Power      Damage    Failure   Level
a - Magic Dart            Conj           16%        1d3       34%         1

Your spell library contained the following spells:

 Spells                   Type           Power      Damage    Failure   Level
 Apportation              Tloc           8%         N/A       34%         1
 Slow                     Hex            8%         N/A       41%         1
 Call Imp                 Summ           10%        N/A       41%         2
 Blink                    Tloc           8%         N/A       45%         2
 Cigotuvi's Dreadful Rot  Necr/Pois/Air  4%         N/A       56%         2
 Mephitic Cloud           Conj/Pois/Air  3%         N/A       77%         3
 Alistair's Intoxication  Tmut/Pois      1%         N/A       100%        5


Dungeon Overview and Level Annotations

Branches:
Dungeon (2/15)

Altars:

Annotations:
D:2 Natasha, Robin


Innate Abilities, Weirdness & Mutations

Your natural rate of healing is accelerated.
You have razor-sharp teeth.
You have supernaturally acute eyesight. (SInv)
You are afflicted with vampirism and can become a bat while bloodless.


Message History

You see here a +0 club.
You hit the hobgoblin.
The hobgoblin is heavily wounded.
The hobgoblin closely misses you.
You closely miss the hobgoblin.
The hobgoblin is heavily wounded.
The hobgoblin barely misses you.
You hit the hobgoblin but do no damage.
The hobgoblin is heavily wounded.
The hobgoblin hits you but does no damage.
You closely miss the hobgoblin.
You punch the hobgoblin, but do no damage.
You bite the hobgoblin, but do no damage.
The hobgoblin is heavily wounded.
The hobgoblin hits you but does no damage.
You hit the hobgoblin but do no damage.
The hobgoblin is heavily wounded.
The hobgoblin hits you.
You barely miss the hobgoblin.
The hobgoblin is heavily wounded.
The hobgoblin hits you.
You hit the hobgoblin.
The hobgoblin is almost dead.
The hobgoblin barely misses you.
You hit the hobgoblin but do no damage.
The hobgoblin is almost dead.
The hobgoblin hits you.
You closely miss the hobgoblin.
The hobgoblin is almost dead.
The hobgoblin hits you.
You hit the hobgoblin.
You kill the hobgoblin!
You hit the goblin but do no damage. Your bite misses the goblin.
The goblin hits you with a +0 club.
* * * LOW HITPOINT WARNING * * *
You barely miss the goblin. The goblin hits you with a +0 club.
* * * LOW HITPOINT WARNING * * *
You hit the goblin but do no damage. The goblin closely misses you.
You completely miss the goblin. The goblin hits you with a +0 club.
You die...

#.######### #.# #.# #.# #.#
######.###### #...........#
##################.####.####.####
#.............>g@................
#.#########.######.####.####.####
#.# #.# #.# #.# #.# #)### #.#
#.####.####.####
>...#######.######.##............
....#........................####
..†...#####.############.#####
....#######.# #.# ###
............# #.# #..


You could see a goblin (strong).

Vanquished Creatures
  6 dart slugs
  6 endoplasms
  A giant cockroach (D:1)
  9 goblins
  3 hobgoblins
  4 jackals (D:1)
  2 kobolds (D:1)
  A quokka (D:1)
  2 ball pythons (D:1)
  6 bats
  2 frilled lizards (D:1)
  3 rats
  A spectral hobgoblin (D:2)
46 creatures vanquished.

Notes
Turn   | Place    | Note
-------+----------+-------------------------------------------
     0 | D:1      | SnakkuSnakku7 the Vampire Hedge Wizard began the quest for
                  | the Orb.
     0 | D:1      | Reached XP level 1. HP: 13/13 MP: 4/4
    40 | D:1      | Reached skill level 1 in Unarmed Combat
    87 | D:1      | Reached XP level 2. HP: 12/20 MP: 6/6
   108 | D:1      | Reached skill level 1 in Fighting
   322 | D:1      | Gained mutation: You are afflicted with vampirism and can
                  | become a bat while bloodless. [Vampire growth]
   322 | D:1      | Reached XP level 3. HP: 26/26 MP: 7/7
   852 | D:2      | Found a faded altar of an unknown god.
   901 | D:2      | Noticed Robin
   968 | D:2      | Noticed Natasha
   989 | D:1      | Slain by a goblin

Illustrated notes

Levels and vault maps discovered:
D:1:      minmay_arrival_four_circles, layout_loops_ring
D:2:      layout_rooms, dreamdust_ecumenical_altar_drowned_temple, uniq_robin,
          uniq_natasha

Skill      XL: |  1  2  3 |
---------------+----------+-----
Unarmed Combat | 1 2 |  2.6
Fighting       | 1 2 |  2.2
Dodging        | |  2.1
Stealth        | |  3.0
Spellcasting   | |  3.0
Conjurations   | |  0.6
Summonings     | |  1.0
Translocations | |  0.7

Action                     || total
---------------------------++-------
  Melee: Short sword       ||   213
         Bite              ||    22
         Punch             ||     6
   Stab: Sleeping          ||     2
 Armour: Robe              ||     6
         Ring mail         ||    89
  Dodge: Dodged            ||   123
